 Dungeon Crawl Stone Soup version 0.27-a0-660-g90476cec82 (webtiles) character file.

Game seed: 3769084474143594782

43 lunkers the Skirmisher (level 3, 0/40 HPs)
             Began as an Ogre Fighter on Mar 17, 2021.
             Succumbed to an adder's poison
             ... on level 2 of the Dungeon.
             The game lasted 00:02:06 (1236 turns).

lunkers the Skirmisher (Ogre Fighter)               Turns: 1236, Time: 00:02:06

Health: 0/40       AC:  3    Str: 21    XL:     3   Next: 58%
Magic:  0/3        EV:  8    Int:  9    God:
Gold:   59         SH:  8    Dex:  8    Spells: 2/2 levels left

rFire    . . .     SeeInvis .   a - +0 flail
rCold    . . .     Faith    .   c - +0 kite shield
rNeg     . . .     Spirit   +   b - +0 robe
rPois    .         Reflect  .   (helmet restricted)
rElec    .         Harm     .   (no cloak)
rCorr    .         Rampage  .   (gloves unavailable)
Will     .....                  (boots unavailable)
Stlth    +.........             k - amulet of guardian spirit
HPRegen  0.13/turn              (no ring)
MPRegen  0.08/turn              (no ring)

@: lethally poisoned (0 -> -7)
A: large, unfitting armour, tough skin 1
a: no special abilities


You were on level 2 of the Dungeon.
You visited 1 branch of the dungeon, and saw 2 of its levels.

You collected 59 gold pieces.

Inventory:

Hand Weapons
 a - a +0 flail (weapon)
Missiles
 f - 26 stones (quivered)
Armour
 b - a +0 robe (worn)
 c - a +0 kite shield (worn)
Jewellery
 k - an amulet of guardian spirit (around neck)
Scrolls
 g - a scroll of identify {unknown}
 h - 3 scrolls of magic mapping {unknown}
Potions
 d - a potion of might
 e - a potion of cancellation
 j - a potion of lignification {unknown}


   Skills:
 + Level 4.7 Fighting
 * Level 3.0 Maces & Flails
 - Level 2.6 Dodging
 - Level 2.6 Shields


You had 2 spell levels left.
You didn't know any spells.
Your spell library was empty.

Dungeon Overview and Level Annotations

Branches:
Dungeon (2/15)

Altars:
Cheibriados
Elyvilon
Yredelemnul


Innate Abilities, Weirdness & Mutations

You are too large for most types of armour.
You have tough skin. (AC +1)


Message History

You closely miss the adder.
The adder is heavily wounded.
You feel sick. The adder barely misses you.
The adder bites you but does no damage.
You miss the adder.
The adder is heavily wounded.
You feel sick. The adder closely misses you. x2
Unknown command.
Unknown command.
You closely miss the adder.
The adder is heavily wounded.
You block the adder's attack. The adder bites you.
* * * LOW HITPOINT WARNING * * *
You closely miss the adder.
The adder is heavily wounded.
You feel sick. The adder barely misses you. x2
Unknown command.
You hit the adder but do no damage.
The adder is heavily wounded.
The adder bites you.
* * * LOW HITPOINT WARNING * * *
The adder bites you.
* * * LOW HITPOINT WARNING * * *
You are more poisoned.
The adder poisons you!
Unknown command.
You barely miss the adder.
The adder is heavily wounded.
* * * LOW HITPOINT WARNING * * *
You feel sick. The adder bites you but does no damage.
You miss the adder.
The adder is heavily wounded.
* * * LOW HITPOINT WARNING * * *
You feel sick. You block the adder's attack. The adder bites you.
* * * LOW HITPOINT WARNING * * *
You are more poisoned.
The adder poisons you!
You closely miss the adder.
The adder is heavily wounded.
You die...

###.........# .#
...........##.#
#......≈..≈≈≈.
#....≈..≈...≈≈
.#######...≈≈≈≈≈≈≈≈≈≈
...........≈≈≈≈≈≈≈≈≈≈
#####Jl....≈≈≈≈≈≈≈≈
#S###≈≈≈≈≈≈≈♣≈ ###
#@# #≈.≈≈≈=_♣ ##_##
###.# #..≈≈≈.≈≈≈≈
#...# #...#
#..≈≈≈≈≈≈≈≈ ##'####
#.### #≈.≈≈≈≈≈≈≈≈
#...#.## #.#
#≈≈≈≈≈≈≈≈≈≈ '.⌠.'._#
#.# #.≈........
#...#.## #.#
#≈.:....≈.. ##'####
#.# #...# ##.##


You could see an ooze, an adder and a frilled lizard.

Vanquished Creatures
  7 dart slugs (D:1)
  3 bats
  3 giant cockroaches (D:1)
  3 hobgoblins (D:1)
  A kobold (D:1)
  A frilled lizard (D:1)
  6 goblins (D:1)
  2 rats (D:1)
26 creatures vanquished.

Notes
Turn   | Place    | Note
-------+----------+-------------------------------------------
     0 | D:1      | lunkers the Ogre Fighter began the quest for the Orb.
     0 | D:1      | Reached XP level 1. HP: 24/24 MP: 1/1
    53 | D:1      | Reached XP level 2. HP: 32/32 MP: 2/2
   304 | D:1      | Reached XP level 3. HP: 6/40 MP: 3/3
  1116 | D:2      | Found a basalt altar of Yredelemnul.
  1119 | D:2      | Found a white marble altar of Elyvilon.
  1124 | D:2      | Found a snail-covered altar of Cheibriados.
  1198 | D:2      | Found a faded altar of an unknown god.
  1235 | D:2      | HP: 1/40 [adder (4)]
  1236 | D:2      | Succumbed to an adder's poison

Illustrated notes

Levels and vault maps discovered:
D:1:      onia_arrival_pyramid, layout_loops_ring,
          chequers_serial_rivers_micro_c
D:2:      layout_loops_cross, lemuel_coloured_pillars_altar,
          grunt_temple_overflow_diamond, chequers_ecumenical_altar_island,
          chequers_serial_rivers_large_a

Skill      XL: |  1  2  3 |
---------------+----------+-----
Maces & Flails | 2 3 |  3.0
Fighting       | |  4.7
Dodging        | |  2.6
Shields        | |  2.6

Action                   || total
-------------------------++-------
Melee: Flail             ||    86
Throw: Stone             ||    10
  Use: Potion            ||     2
Armor: Robe              ||    22
Dodge: Dodged            ||    36
Block: Kite shield       ||    37

Table legend: (Time is in decaauts)
 A = Elapsed time spent in this place.
 B = Non-inter-level travel time spent in this place.
 C = Inter-level travel time spent in this place.
 D = Time resting spent in this place.
 E = Time spent auto-exploring this place.
 F = Levels seen in this place.
 G = Mean time per level.
                   A        B        C        D        E       F      G
               +--------+--------+--------+--------+--------+-----+--------+
         Total |   1281 |   1265 |     16 |    253 |    768 |   2 |  640.5 |
       Dungeon |   1281 |   1265 |     16 |    253 |    768 |   2 |  640.5 |
               +--------+--------+--------+--------+--------+-----+--------+

Top non-repeatable levels by time:
     D:1: 1112 daAuts
     D:2: 169 daAuts
